Map: Frozen Temple

Players

pluuv - Winner!

  • Race: Zerg Zerg
  • League: Platinum

DivineHonor

  • Race: Terran Terran
  • League: Silver

VOD

Have the link to the VOD?

Description

Time

  • Played on: May 10, 2016, 10:58 p.m.
  • Length: 9:35
Show
View Real Time Build Order
Export as new Build Order

pluuv Zerg - Winner!

Build Orders: Hatch First 

Get SALT Encoding   

  12  0:01  Drone  
  13  0:13  Overlord  
  13  0:18  Drone  
  14  0:33  Drone x2  
  16  0:41  Drone  
  17  0:55  Hatchery  
  16  0:58  Drone  
  16  1:01  Drone  
  18  1:12  Extractor  
  18  1:16  Spawning Pool  
  16  1:20  Drone  
  16  1:23  Drone  
  18  1:32  Drone  
  19  1:42  Drone  
  20  2:03  Queen  
  20  2:06  Queen  
  20  2:07  Zergling x2  
  20  2:08  Zergling x4  
  27  2:15  Overlord  
  27  2:19  Drone  
  28  2:35  Drone  
  29  2:39  Queen  
  29  2:42  Drone, Queen  
  29  2:43  Drone x2  
  36  2:48  Overlord  
  35  3:06  Spore Crawler  
  35  3:14  Drone x8  
  43  3:22  Extractor, Roach Warren  
  41  3:30  Evolution Chamber  
  41  3:33  Drone  
  41  3:34  Evolution Chamber  
  40  3:37  Overlord  
  40  3:43  Drone x2  
  40  3:44  Drone  
  43  4:00  Zerg Missile Weapons Level 1, Zerg Ground Armor Level 1  
  43  4:01  Drone x2  
  43  4:02  Drone  
  46  4:03  Drone  
  46  4:09  Lair  
  47  4:12  Drone  
  47  4:13  Drone  
  47  4:17  Overlord  
  49  4:31  Drone x2  
  51  4:38  Extractor  
  51  4:39  Extractor, Overlord  
  51  4:40  Drone x6  
  55  4:49  Drone x2  
  57  5:09  Roach  
  57  5:10  Roach x4  
  57  5:11  Overlord  
  57  5:12  Hatchery, Glial Reconstitution  
  66  5:16  Drone  
  56  5:56  Zerg Missile Weapons Level 2, Zerg Ground Armor Level 2  
  56  6:04  Drone  
  56  6:05  Drone x13  
  70  6:16  Overlord  
  70  6:17  Drone  
  71  6:32  Drone  
  72  6:33  Drone x3  
  72  6:35  Ravager  
  72  6:36  Ravager x4  
  72  6:38  Overlord  
  72  6:39  Drone  
  81  6:40  Extractor  
  81  6:41  Extractor  
  79  6:54  Queen  
  79  6:56  Overlord  
  79  6:57  Drone  
  79  6:58  Drone x8  
  90  7:12  Drone x4  
  94  7:28  Overlord  
  94  7:29  Roach  
  96  7:30  Roach x5, Overlord  
  96  7:31  Overlord  
  106  7:52  Overlord  
  106  7:53  Roach  
  106  7:54  Roach x5  
  118  8:00  Overseer  
  118  8:01  Ravager  
  118  8:02  Ravager x2  
  121  8:06  Roach x2  
  121  8:07  Roach x2, Overlord  
  121  8:08  Overlord  
  121  8:09  Hatchery, Overlord x3  
  128  8:18  Infestation Pit  
  129  8:20  Roach x4  
  137  8:48  Roach  
  137  8:49  Roach x8  
  148  8:57  Roach  
  148  8:58  Roach x8  
Show
View Real Time Build Order
Export as new Build Order

DivineHonor Terran 

Build Orders: Reaper Expand, MMM Bio 

Get SALT Encoding   

  12  0:01  SCV  
  13  0:13  SCV  
  14  0:21  Supply Depot  
  14  0:25  SCV  
  15  0:42  SCV  
  16  0:43  Barracks  
  16  0:46  Refinery  
  16  0:54  SCV  
  17  1:07  SCV  
  18  1:19  SCV  
  19  1:32  Supply Depot  
  19  1:37  Command Center  
  19  1:44  Reaper  
  20  1:48  Orbital Command  
  20  2:21  SCV  
  21  2:23  Factory, Barracks Reactor  
  21  2:34  SCV  
  22  2:46  SCV  
  22  2:51  Orbital Command  
  23  2:52  Refinery  
  23  3:00  SCV  
  24  3:12  Orbital Command  
  23  3:17  Command Center  
  23  3:21  Starport  
  27  3:27  Hellion x2  
  27  3:30  SCV  
  28  3:37  Barracks Tech Lab  
  28  3:41  SCV  
  28  3:42  SCV  
  30  3:52  Bunker  
  30  3:55  SCV x2  
  32  3:57  Hellion x2  
  32  3:58  Medivac  
  38  4:03  Stimpack  
  38  4:04  Marine  
  38  4:08  SCV x2  
  41  4:14  Supply Depot  
  41  4:20  SCV x2  
  43  4:26  Supply Depot  
  43  4:29  Hellion x2  
  47  4:36  SCV  
  47  4:37  Orbital Command  
  48  4:42  Engineering Bay  
  48  4:46  Engineering Bay  
  48  4:47  SCV  
  48  4:48  SCV  
  50  4:59  SCV  
  51  5:01  Widow Mine x2  
  55  5:10  Barracks, SCV x2  
  55  5:11  Barracks  
  55  5:42  SCV x3  
  52  5:47  Widow Mine x2  
  52  5:48  Starport Tech Lab  
  52  5:54  SCV x3  
  52  5:56  Terran Infantry Armor Level 1, Terran Infantry Weapons Level 1, Refinery  
  55  5:57  Refinery  
  55  6:00  Barracks Reactor x2  
  55  6:02  Marine  
  56  6:04  Combat Shields  
  56  6:11  Supply Depot x2  
  56  6:12  SCV x3  
  59  6:20  Marine  
  59  6:22  Armory  
  59  6:25  Missile Turret  
  60  6:26  Barracks  
  60  6:27  Barracks  
  60  6:28  Barracks  
  60  6:30  Missile Turret, SCV x3  
  63  6:34  Missile Turret  
  63  6:42  SCV x2  
  65  6:51  Marine x2  
  65  6:52  Marine x2  
  65  6:54  Marauder  
  71  6:56  Siege Tank  
  71  6:57  Medivac  
  76  7:01  Medivac  
  78  7:09  Marine x2  
  78  7:10  Marine x2  
  78  7:12  Supply Depot  
  82  7:16  Orbital Command, SCV  
  82  7:17  SCV  
  84  7:28  SCV  
  84  7:29  Marine x2  
  85  7:30  Marine, Barracks Tech Lab x2  
  85  7:31  Barracks Reactor  
  85  7:34  Siege Tank  
  85  7:35  Medivac x2  
  95  7:44  SCV x3  
  98  7:54  Marine x2  
  98  7:55  Marine  
  101  8:00  Supply Depot x3  
  101  8:02  Bunker  
  101  8:04  Supply Depot  
  101  8:05  Supply Depot  
  101  8:21  Marine x3, Marauder, SCV x3  
  101  8:22  Marauder, Siege Tank  
  101  8:23  Marine x3  
  101  8:25  Supply Depot  
  117  8:32  Medivac x2  
  117  8:33  Marine, SCV x3  
  125  8:39  Marine x2, Missile Turret, Marauder  
  129  8:41  Marine x3  
  129  8:42  Marine, Supply Depot  
  129  8:43  Marine  
  129  8:47  Supply Depot  
  134  8:51  Marine  
  134  8:54  Siege Tank  
  127  8:57  Marine x2  
  127  8:59  Marine x3  
  127  9:00  Marine x2  
  127  9:01  Marine  
  118  9:08  Marine  
  106  9:14  Marine x2  
  106  9:17  Marine x3  
Tags
 
Add a new tag
Caveats
  • Supply blocks, unpowered buildings, or Contaminate may cause inaccurate times.
  • Supply counts are checked every 10 seconds.